 Dungeon Crawl Stone Soup version 0.31-a0-1529-g7bd419a0e5 (webtiles) character file.

Game seed: 9492890236028884240

235 dialectric the Changeling (level 5, -3/52 HPs)
             Began as a Troll Shapeshifter on Jan 1, 2024.
             Slain by Crazy Yiuf
             ... wielding a +3 quarterstaff of chaos
              (9 damage)
             ... on level 3 of the Dungeon.
             The game lasted 00:02:20 (1448 turns).

dialectric the Changeling (Troll Shapeshifter)      Turns: 1448, Time: 00:02:20

Health: -3/52      AC:  1    Str: 22    XL:     5   Next: 76%
Magic:  4/4        EV: 10    Int:  6    God:
Gold:   137        SH:  0    Dex: 11    Spells: 4/4 levels left

rFire   . .          .
                       - Unarmed
rCold   . . .        (no shield)
rNeg    . . .        a - +0 animal skin
rPois   .            (helmet currently unavailable)
rElec   .            (cloak currently unavailable)
rCorr   .            (gloves unavailable)
SInv    .            (boots unavailable)
Will    .....        (no amulet)
Stlth   +            (no ring)
HPRegen 1.08/turn    (no ring)
MPRegen 0.09/turn

%: no passive effects
@: lethally poisoned (-3 -> -14), beast-form, corroded
A: beast (slay +2), large, unfitting armour, claws 3, regeneration 1, shaggy fur
2, tough skin 1
a: Begin Untransformation


You were on level 3 of the Dungeon.
You were a hulking beast.
You visited 1 branch of the dungeon, and saw 3 of its levels.

You collected 137 gold pieces.

Inventory:

Missiles
 e - 2 datura-tipped darts
Armour
 a - a +0 animal skin (worn)
Talismans
 c - a beast talisman
 d - a flux talisman
 k - a serpent talisman
Wands
 s - a wand of flame (27)
Scrolls
 f - a scroll of amnesia {unknown}
 h - 2 scrolls of fear {unknown}
 j - a scroll of revelation {unknown}
 l - a scroll of fog {unknown}
 m - a scroll of torment {unknown}
 n - a scroll of enchant armour {unknown}
 p - 2 scrolls of immolation
 q - a scroll of identify
 u - a scroll of teleportation {unknown}
 v - 2 scrolls of noise {unknown}
 w - a scroll of brand weapon {unknown}
Potions
 b - a potion of lignification
 g - a potion of might
 i - 2 potions of cancellation {unknown}
 o - a potion of heal wounds {unknown}
 r - 2 potions of magic
 t - a potion of mutation


   Skills:
 * Level 2.9 Fighting
 + Level 3.1 Dodging
 - Level 3.0 Unarmed Combat
 + Level 4.1 Shapeshifting


You had 4 spell levels left.
You didn't know any spells.
Your spell library contained the following spells:

 Spells                   Type           Power      Damage    Failure   Level
 Slow                     Hex            0%         N/A       45%         1
 Confusing Touch          Hex            0%         N/A       83%         3
 Sigil of Binding         Hex            0%         N/A       83%         3
 Vampiric Draining        Necr           0%         2d6       83%         3


Dungeon Overview and Level Annotations

Branches:
Dungeon (3/15)

Altars:
Uskayaw

Shops:
D:1 (

Annotations:
D:3 Crazy Yiuf


Innate Abilities, Weirdness & Mutations

You are a hulking beast.
Your limbs bulge with bestial killing power. (Slay +2)
You are too large for most types of armour.
You have claws for hands.
Your natural rate of healing is unusually fast.
You are covered in thick fur. (AC +2)
You have tough skin. (AC +1)


Message History

Unknown command.
You start resting.
You feel yourself speed up.
HP restored.
Found a quarterstaff.
No target in view!
You see here a +0 quarterstaff.
You see here a +0 quarterstaff.
You now have 137 gold pieces (gained 13).
You see here a +0 antimagic spear.
Key pressed, stopping explore.
No target in view!
Found a hammer.
Found a runed translucent door.
No target in view!
No target in view!
Crazy Yiuf shouts!
Crazy Yiuf says, "Seed!
Nubble chair King."
You open the door. You claw Crazy Yiuf!
Crazy Yiuf is heavily wounded.
Crazy Yiuf hits you with a +3 quarterstaff of chaos!
You are poisoned.
You scratch Crazy Yiuf.
Crazy Yiuf is almost dead.
You feel very sick.
Crazy Yiuf hits you with a +3 quarterstaff of chaos!
You are more poisoned.
Unknown command.
You barely miss Crazy Yiuf.
Crazy Yiuf is almost dead.
You feel very sick.
Crazy Yiuf hits you with a +3 quarterstaff of chaos!
* * * LOW HITPOINT WARNING * * *
The acid corrodes you!
You closely miss Crazy Yiuf.
Crazy Yiuf is almost dead.
* * * LOW HITPOINT WARNING * * *
You feel very sick.
Crazy Yiuf hits you with a +3 quarterstaff of chaos!
You die...

#.......# #.#####.#
#.# #.####### ###
##......## ######...
#### ### ♣♣####
#)..#♣♣ ♣♣.+..##
#...gh♣♣♣♣......#
#...#♣..♣.......#####
### ♣♣♣.♣..+.......#
♣♣♣♣♣##......#
#......# #### ###
#......# #####..# #.#
#......## #......#
###.# #.......#
######+####.# #.).#
#.......#


You could see Crazy Yiuf.

Vanquished Creatures
  Ijyb (D:3)
  Natasha (twice) (D:3)
  3 gnolls
  8 adders
  2 dart slugs (D:3)
  A ribbon worm (D:3)
  6 ball pythons
  7 endoplasms
  4 giant cockroaches
  2 goblins
  2 hobgoblins
  3 jackals (D:1)
  2 quokkas
  6 bats
  A frilled lizard (D:2)
  4 kobolds
  3 rats
57 creatures vanquished.

Notes
Turn   | Place    | Note
-------+----------+-------------------------------------------
     0 | D:1      | dialectric the Troll Shapeshifter began the quest for the
                  | Orb.
     0 | D:1      | Reached XP level 1. HP: 18/18 MP: 0/0
    30 | D:1      | Reached skill level 1 in Fighting
    66 | D:1      | Found Kaskeure's Weapon Shoppe.
    73 | D:1      | Reached XP level 2. HP: 27/27 MP: 1/1
   183 | D:1      | You fall into a shaft and drop 1 floor!
   238 | D:2      | Reached XP level 3. HP: 33/33 MP: 2/2
   400 | D:2      | Reached XP level 4. HP: 42/42 MP: 3/3
   891 | D:3      | Noticed Ijyb
   947 | D:3      | Killed Ijyb
   948 | D:3      | Reached XP level 5. HP: 48/50 MP: 4/4
   964 | D:3      | Reached skill level 4 in Shapeshifting
  1048 | D:3      | Gained mutation: You are covered in thick fur. (AC +2)
                  | [potion of mutation]
  1051 | D:3      | Noticed Natasha
  1055 | D:3      | Killed Natasha
  1118 | D:3      | Found a hide-covered altar of Uskayaw.
  1230 | D:3      | Noticed Natasha
  1246 | D:3      | Killed Natasha
  1440 | D:3      | Found a runed translucent door.
  1441 | D:3      | Noticed Crazy Yiuf
  1448 | D:3      | Slain by Crazy Yiuf

Illustrated notes

Levels and vault maps discovered:
D:1:      scummos_arrival_forest, layout_rooms, serial_shops,
          nicolae_shop_advertising_works [nicolae_subvault_shop_adworks]
D:2:      layout_loops_ring
D:3:      layout_loops_cross, grunt_nemelex_the_gamble,
          mainiacjoe_overflow_six_doors_small, uniq_crazy_yiuf_cottage,
          uniq_natasha, uniq_ijyb

Skill      XL: |  1  2  3  4  5 |
---------------+----------------+-----
Fighting       | 1 2 |  2.9
Dodging        | 2 3 |  3.1
Shapeshifting  | 4 |  4.1
Unarmed Combat | |  3.0

Action                     |  1- 3 |  4- 6 || total
---------------------------+-------+-------++-------
  Melee: Unarmed           |    51 |    58 ||   109
         Punch             |     1 |       ||     1
    Use: Scroll            |       |     4 ||     4
         Potion            |       |     1 ||     1
   Stab: Sleeping          |       |     2 ||     2
 Armour: Animal skin       |    28 |    55 ||    83
  Dodge: Dodged            |    19 |    23 ||    42

Table legend: (Time is in decaauts)
 A = Elapsed time spent in this place.
 B = Non-inter-level travel time spent in this place.
 C = Inter-level travel time spent in this place.
 D = Time resting spent in this place.
 E = Time spent auto-exploring this place.
 F = Levels seen in this place.
 G = Mean time per level.
                   A        B        C        D        E       F      G
               +--------+--------+--------+--------+--------+-----+--------+
         Total |   1452 |   1442 |     10 |     36 |   1042 |   3 |  484.0 |
       Dungeon |   1452 |   1442 |     10 |     36 |   1042 |   3 |  484.0 |
               +--------+--------+--------+--------+--------+-----+--------+

Top non-repeatable levels by time:
     D:2: 659 daAuts
     D:3: 611 daAuts
     D:1: 181 daAuts
